[Event "21st Sants Open 2019"]
[Site "Cotxeres de Sants"]
[Date "2019.08.23"]
[Round "1.2"]
[White "Saguillo Gonzalez, Oriol"]
[Black "Vaibhav, Suri"]
[Result "0-1"]
[ECO "B51"]
[WhiteElo "2117"]
[BlackElo "2591"]
[Annotator "ChessBase"]
[PlyCount "66"]
[EventDate "2019.08.22"]
[EventType "swiss"]
[EventCountry "ESP"]
[SourceTitle "playchess.com"]
[Source "ChessBase"]
[SourceQuality "1"]
[TimeControl "40/5400+30:1800+30"]

1. e4 c5 2. Nf3 d6 3. Bb5+ Nd7 4. O-O a6 5. Bd3 Ngf6 6. c3 b5 7. Bc2 Bb7 8. Qe2 e5 9. Rd1 Be7 10. a4 O-O 11. d3 Qc7 12. Nbd2 d5 13. Nf1 Rfe8 14. Ng3 Bf8 15. h3 Rac8 16. axb5 axb5 17. Nh2 g6 18. Bg5 Bg7 19. Ng4 Nxg4 20. Qxg4 d4 21. Bd2 c4 22. Qe2 Nf8 23. Rdc1 Ne6 24. Qf1 h5 25. b3 b4 26. bxc4 bxc3 27. Be1 Bc6 28. Ne2 Rb8 29. Rcb1 Rxb1 30. Rxb1 Rb8 31. Rxb8+ Qxb8 32. Ng3 h4 33. Nh1 Qb2 0-1

[Event "21st Sants Open 2019"]
[Site "Cotxeres de Sants"]
[Date "2019.08.23"]
[Round "1.3"]
[White "Santos Latasa, Jaime"]
[Black "Tirado, Juan Camilo"]
[Result "1-0"]
[ECO "B50"]
[WhiteElo "2586"]
[BlackElo "2114"]
[Annotator "ChessBase"]
[PlyCount "89"]
[EventDate "2019.08.22"]
[EventType "swiss"]
[EventCountry "ESP"]
[SourceTitle "playchess.com"]
[Source "ChessBase"]
[SourceQuality "1"]
[TimeControl "40/5400+30:1800+30"]

1. e4 c5 2. Nf3 d6 3. Nc3 Nf6 4. e5 dxe5 5. Nxe5 e6 6. Bb5+ Bd7 7. Nxd7 Nbxd7 8. O-O a6 9. Be2 Be7 10. a4 O-O 11. Re1 Qc7 12. d3 Rfd8 13. Bf1 Nb6 14. Qf3 Nbd5 15. Nb1 Rab8 16. Bd2 Nb4 17. Na3 Nc6 18. Nc4 Nd4 19. Qd1 b6 20. g3 Nd5 21. Bg2 Qa7 22. Ne5 Bf6 23. Ng4 Qe7 24. c3 Nc6 25. h4 Rbc8 26. Be4 Rd7 27. Qf3 Qd8 28. Nxf6+ Qxf6 29. Qe2 h6 30. Rad1 Rcd8 31. f4 a5 32. Qf2 Rd6 33. g4 g6 34. g5 hxg5 35. hxg5 Qg7 36. Qf3 Nde7 37. Kf2 R8d7 38. Rh1 e5 39. Rh4 f5 40. gxf6 Rxf6 41. Rdh1 Rfd6 42. Qh3 Kf8 43. Rh7 Qf6 44. Qh6+ Ke8 45. Rh8+ 1-0

[Event "21st Sants Open 2019"]
[Site "Cotxeres de Sants"]
[Date "2019.08.23"]
[Round "1.5"]
[White "Idani, Pouya"]
[Black "Moreby, James"]
[Result "1-0"]
[ECO "B53"]
[WhiteElo "2581"]
[BlackElo "2108"]
[Annotator "ChessBase"]
[PlyCount "91"]
[EventDate "2019.08.22"]
[EventType "swiss"]
[EventCountry "ESP"]
[SourceTitle "playchess.com"]
[Source "ChessBase"]
[SourceQuality "1"]
[TimeControl "40/5400+30:1800+30"]

1. e4 c5 2. Nf3 d6 3. d4 cxd4 4. Qxd4 Nc6 5. Bb5 Bd7 6. Qd3 Nf6 7. c4 g6 8. O-O Bg7 9. Nc3 O-O 10. h3 a6 11. Bxc6 Bxc6 12. Nd4 Rc8 13. Be3 Nd7 14. Qd2 Nc5 15. f3 Qd7 16. Rac1 Ne6 17. Nxc6 bxc6 18. c5 d5 19. exd5 Bxc3 20. Rxc3 cxd5 21. f4 Rfd8 22. f5 gxf5 23. Bh6 f6 24. Rg3+ Kh8 25. Rxf5 Rxc5 26. Qf2 Rg8 27. Rxg8+ Kxg8 28. Qg3+ Kh8 29. Qg4 Rc8 30. Rh5 Rg8 31. Qf5 Rg6 32. Be3 Nf8 33. Qxd7 Nxd7 34. Rxd5 Ne5 35. b3 Nc6 36. Rc5 Nb4 37. Bd2 Nd3 38. Ra5 f5 39. Rxf5 Rc6 40. Kf1 Nc1 41. Ra5 Rf6+ 42. Ke1 Re6+ 43. Kd1 Ne2 44. Rg5 h6 45. Rh5 Kh7 46. Rxh6+ 1-0

[Event "21st Sants Open 2019"]
[Site "Cotxeres de Sants"]
[Date "2019.08.23"]
[Round "1.6"]
[White "Sanpera Bonet, Juan Carlos"]
[Black "Henriquez Villagra, Cristobal"]
[Result "0-1"]
[ECO "A01"]
[WhiteElo "2107"]
[BlackElo "2562"]
[Annotator "ChessBase"]
[PlyCount "84"]
[EventDate "2019.08.22"]
[EventType "swiss"]
[EventCountry "ESP"]
[SourceTitle "playchess.com"]
[Source "ChessBase"]
[SourceQuality "1"]
[TimeControl "40/5400+30:1800+30"]

1. b3 d5 2. Bb2 c5 3. e3 Nc6 4. Nf3 a6 5. Be2 Nf6 6. Bxf6 gxf6 7. c4 d4 8. d3 Rg8 9. O-O dxe3 10. fxe3 Bh6 11. Qd2 Nd4 12. Nc3 Nf5 13. Nd1 Qd6 14. d4 cxd4 15. Nxd4 Nh4 16. Rf2 Bh3 17. Bf3 Rd8 18. Kh1 Nxf3 19. Nxf3 Qxd2 20. Nxd2 Bxg2+ 21. Rxg2 Rxg2 22. Kxg2 Rxd2+ 23. Kf3 Rxh2 24. Nf2 Rh5 25. Rd1 Rf5+ 26. Ke2 Bf8 27. b4 h5 28. Ne4 e6 29. c5 Be7 30. a4 h4 31. Rh1 Rh5 32. b5 axb5 33. axb5 f5 34. Ng3 Rg5 35. c6 bxc6 36. bxc6 Rxg3 37. Ra1 Bd6 38. Ra8+ Ke7 39. Ra7+ Kf6 40. Rd7 Be5 41. c7 Bxc7 42. Rxc7 Rg8 0-1

[Event "21st Sants Open 2019"]
[Site "Cotxeres de Sants"]
[Date "2019.08.23"]
[Round "1.7"]
[White "Hillarp Persson, Tiger"]
[Black "Maia, Jose Eduardo Bastos "]
[Result "1-0"]
[ECO "A14"]
[WhiteElo "2558"]
[BlackElo "2107"]
[Annotator "ChessBase"]
[PlyCount "55"]
[EventDate "2019.08.22"]
[EventType "swiss"]
[EventCountry "ESP"]
[SourceTitle "playchess.com"]
[Source "ChessBase"]
[SourceQuality "1"]
[TimeControl "40/5400+30:1800+30"]

1. c4 e6 2. Nf3 d5 3. g3 Nf6 4. Bg2 Be7 5. O-O O-O 6. Qc2 c6 7. b3 b6 8. d3 Bb7 9. e4 Na6 10. Qe2 d4 11. Nbd2 c5 12. e5 Ne8 13. h4 Qd7 14. Ne4 b5 15. h5 bxc4 16. bxc4 Qa4 17. h6 g6 18. Bg5 Bxg5 19. Nfxg5 Qd7 20. Rab1 Bc6 21. Qf3 Qe7 22. Nf6+ Qxf6 23. Qxf6 Nxf6 24. Bxc6 Ng4 25. Bxa8 Rxa8 26. Rb7 Nxe5 27. Re1 f6 28. Rg7+ {[%emt 0:00:13] Nb8} 1-0

[Event "21st Sants Open 2019"]
[Site "Cotxeres de Sants"]
[Date "2019.08.23"]
[Round "1.8"]
[White "Laustsen, Lars"]
[Black "Puranik, Abhimanyu"]
[Result "0-1"]
[ECO "D78"]
[WhiteElo "2107"]
[BlackElo "2550"]
[Annotator "ChessBase"]
[PlyCount "84"]
[EventDate "2019.08.22"]
[EventType "swiss"]
[EventCountry "ESP"]
[SourceTitle "playchess.com"]
[Source "ChessBase"]
[SourceQuality "1"]
[TimeControl "40/5400+30:1800+30"]

1. d4 Nf6 2. c4 g6 3. g3 c6 4. Bg2 d5 5. Nf3 Bg7 6. O-O O-O 7. Qb3 dxc4 8. Qxc4 Bf5 9. Nc3 Nbd7 10. Rd1 Bc2 11. Rd2 Nb6 12. Qc5 Ne4 13. Nxe4 Bxe4 14. Ne5 Bxg2 15. Kxg2 Nd7 16. Nxd7 Qxd7 17. Rd3 Rfd8 18. Be3 Qe6 19. b3 Rd5 20. Qc4 Rad8 21. Rad1 g5 22. h3 h5 23. Qc1 g4 24. hxg4 hxg4 25. Qd2 Rh5 26. Bf4 Qf5 27. f3 gxf3+ 28. exf3 Qh3+ 29. Kf2 Rhd5 30. Qe3 Qh2+ 31. Kf1 e6 32. g4 Qxa2 33. Be5 f6 34. Bf4 Kf7 35. g5 Rh8 36. R3d2 Qa6+ 37. Kg1 fxg5 38. Bxg5 Qb6 39. f4 Qb4 40. f5 exf5 41. Qf3 Qd6 42. Bf4 Qg6+ 0-1

[Event "21st Sants Open 2019"]
[Site "Cotxeres de Sants"]
[Date "2019.08.23"]
[Round "1.9"]
[White "Antal, Gergely"]
[Black "Chirivi C, Jenny Astrid"]
[Result "1-0"]
[ECO "B47"]
[WhiteElo "2549"]
[BlackElo "2104"]
[Annotator "ChessBase"]
[PlyCount "71"]
[EventDate "2019.08.22"]
[EventType "swiss"]
[EventCountry "ESP"]
[SourceTitle "playchess.com"]
[Source "ChessBase"]
[SourceQuality "1"]
[TimeControl "40/5400+30:1800+30"]

1. e4 c5 2. Nf3 e6 3. d4 cxd4 4. Nxd4 Nc6 5. Nc3 Qc7 6. g3 Nf6 7. Bg2 a6 8. O-O Be7 9. Re1 d6 10. Nxc6 bxc6 11. e5 dxe5 12. Rxe5 Bb7 13. Re1 Rd8 14. Qe2 O-O 15. Bf4 Bd6 16. Bg5 Be7 17. Bf4 Bd6 18. Bxd6 Rxd6 19. Rad1 Rfd8 20. Rxd6 Rxd6 21. Qc4 h6 22. Na4 Nd7 23. Qb4 a5 24. Qh4 e5 25. Qe7 Re6 26. Qa3 Qd6 27. Qc3 Qb4 28. Qxb4 axb4 29. Bh3 Rd6 30. Bxd7 Rxd7 31. Nc5 Re7 32. Re4 Bc8 33. Rxb4 Bf5 34. a4 e4 35. a5 Re5 36. a6 1-0

[Event "21st Sants Open 2019"]
[Site "Cotxeres de Sants"]
[Date "2019.08.23"]
[Round "1.10"]
[White "Damianou, Ioannis"]
[Black "Nigalidze, Gaioz"]
[Result "1/2-1/2"]
[ECO "A36"]
[WhiteElo "2103"]
[BlackElo "2534"]
[Annotator "ChessBase"]
[PlyCount "90"]
[EventDate "2019.08.22"]
[EventType "swiss"]
[EventCountry "ESP"]
[SourceTitle "playchess.com"]
[Source "ChessBase"]
[SourceQuality "1"]
[TimeControl "40/5400+30:1800+30"]

1. c4 c5 2. g3 Nc6 3. Bg2 g6 4. Nc3 Bg7 5. b3 e6 6. Ba3 d6 7. e3 Nge7 8. Nge2 O-O 9. O-O Qa5 10. Qc1 Rd8 11. Bb2 a6 12. Ne4 e5 13. f4 f5 14. Nf2 Be6 15. Rd1 Qb6 16. Bc3 Qa7 17. a3 b5 18. d3 Rab8 19. Ra2 Bf7 20. Qa1 Qc7 21. Rad2 h6 22. Qa2 d5 23. fxe5 dxc4 24. e6 Bxe6 25. dxc4 Bxc3 26. Nxc3 Rxd2 27. Qxd2 Rd8 28. Nd5 Bxd5 29. cxd5 Qd6 30. Qc3 Ne5 31. e4 c4 32. exf5 gxf5 33. Re1 N7g6 34. bxc4 bxc4 35. Qc2 Rf8 36. Qc3 Re8 37. Rf1 Qc5 38. Kh1 Rb8 39. Nh3 Kh7 40. Nf4 Rb3 41. Qc2 Nxf4 42. gxf4 Nd3 43. Qe2 Rb6 44. Qe8 Rf6 45. h3 Qf8 1/2-1/2

[Event "21st Sants Open 2019"]
[Site "Cotxeres de Sants"]
[Date "2019.08.23"]
[Round "1.11"]
[White "Cuartas, Jaime Alexander"]
[Black "Herrmann, Roman"]
[Result "1-0"]
[ECO "D30"]
[WhiteElo "2530"]
[BlackElo "2103"]
[Annotator "ChessBase"]
[PlyCount "75"]
[EventDate "2019.08.22"]
[EventType "swiss"]
[EventCountry "ESP"]
[SourceTitle "playchess.com"]
[Source "ChessBase"]
[SourceQuality "1"]
[TimeControl "40/5400+30:1800+30"]

1. d4 Nf6 2. Nf3 d5 3. c4 c6 4. e3 e6 5. Nbd2 Nbd7 6. Bd3 Bd6 7. O-O O-O 8. e4 dxe4 9. Nxe4 Nxe4 10. Bxe4 Nf6 11. Bc2 h6 12. b3 b6 13. Bb2 Bb7 14. Qd3 Re8 15. Rfe1 Qe7 16. a3 a5 17. Ne5 Rad8 18. Ng4 g6 19. Ne5 Nd7 20. Nxg6 Qg5 21. Ne5 Bxe5 22. Qh7+ Kf8 23. dxe5 c5 24. Be4 Bxe4 25. Qxe4 Nb8 26. Bc1 Qh5 27. Qh7 Ke7 28. Qxh6 Qxh6 29. Bxh6 Rd3 30. Bg5+ Kf8 31. Re3 Rxe3 32. fxe3 Nc6 33. Bf6 a4 34. bxa4 Na5 35. Rc1 Kg8 36. Rc3 Ra8 37. e4 Ra7 38. Rh3 1-0

[Event "21st Sants Open 2019"]
[Site "Cotxeres de Sants"]
[Date "2019.08.23"]
[Round "1.12"]
[White "Mundet Riera, Jaume"]
[Black "Gordon, Stephen J"]
[Result "0-1"]
[ECO "D47"]
[WhiteElo "2102"]
[BlackElo "2520"]
[Annotator "ChessBase"]
[PlyCount "52"]
[EventDate "2019.08.22"]
[EventType "swiss"]
[EventCountry "ESP"]
[SourceTitle "playchess.com"]
[Source "ChessBase"]
[SourceQuality "1"]
[TimeControl "40/5400+30:1800+30"]

1. d4 d5 2. Nf3 Nf6 3. c4 e6 4. Nc3 c6 5. e3 Nbd7 6. Bd3 dxc4 7. Bxc4 b5 8. Bd3 Bb7 9. e4 b4 10. Na4 c5 11. e5 Nd5 12. O-O cxd4 13. Re1 g6 14. Nxd4 Bg7 15. Bb5 O-O 16. Bxd7 Qxd7 17. Nc5 Qe7 18. Nxb7 Qxb7 19. Bg5 h6 20. Bh4 Nf4 21. f3 g5 22. Bg3 Rfd8 23. Bxf4 gxf4 24. Re4 Qb6 25. Kh1 Rd5 26. Qd2 Rad8 0-1

[Event "21st Sants Open 2019"]
[Site "Cotxeres de Sants"]
[Date "2019.08.23"]
[Round "1.13"]
[White "Gines Esteo, Pedro Antonio"]
[Black "Kamalidenova, Meruert"]
[Result "1-0"]
[ECO "E90"]
[WhiteElo "2417"]
[BlackElo "2036"]
[Annotator "NA"]
[PlyCount "116"]
[EventDate "2019.08.22"]
[EventType "swiss"]
[EventCountry "ESP"]
[SourceTitle "playchess.com"]
[Source "ChessBase"]
[SourceQuality "1"]
[TimeControl "40/5400+30:1800+30"]

1. d4 Nf6 2. Nf3 g6 3. c4 Bg7 4. Nc3 O-O 5. e4 d6 6. Be3 e5 7. dxe5 dxe5 8. Qxd8 Rxd8 9. Nd5 Rd7 10. Nxf6+ Bxf6 11. c5 b6 12. Bc4 Bb7 13. Nd2 Be7 14. f3 bxc5 15. O-O-O Nc6 16. Bd5 Rxd5 17. exd5 Nd4 18. Rhe1 f6 19. Kb1 Bxd5 20. Rc1 Bd6 21. Ne4 Bxe4+ 22. fxe4 f5 23. exf5 gxf5 24. g4 f4 25. Bxd4 cxd4 26. Kc2 Kf7 27. Kd3 Ke6 28. Ke4 a5 29. Red1 a4 30. Rd3 Rg8 31. Rg1 c5 32. Rh3 c4 33. Rh6+ Rg6 34. Rxh7 a3 35. b3 c3 36. h4 f3 37. g5 Rg8 38. Rh6+ Ke7 39. Rh7+ Ke6 40. Rh6+ Ke7 41. Rf6 Rh8 42. Rxf3 Rxh4+ 43. Kd5 c2 44. g6 Rg4 45. Rf7+ Ke8 46. Rff1 Rxg1 47. Rxg1 Kf8 48. Ke4 Kg7 49. Kd3 Bc5 50. Rc1 Kxg6 51. Rxc2 Bb4 52. Ke4 Kf6 53. Rc6+ Ke7 54. Kxe5 d3 55. Rc7+ Ke8 56. Rc1 Kd7 57. Rd1 d2 58. Kd4 Kd6 1-0

[Event "21st Sants Open 2019"]
[Site "Cotxeres de Sants"]
[Date "2019.08.23"]
[Round "1.14"]
[White "Boyer Censore, Giuseppe Enmanuel"]
[Black "Harika, Dronavalli"]
[Result "1/2-1/2"]
[ECO "C16"]
[WhiteElo "2094"]
[BlackElo "2495"]
[Annotator "ChessBase"]
[PlyCount "100"]
[EventDate "2019.08.22"]
[EventType "swiss"]
[EventCountry "ESP"]
[SourceTitle "playchess.com"]
[Source "ChessBase"]
[SourceQuality "1"]
[TimeControl "40/5400+30:1800+30"]

1. e4 e6 2. d4 d5 3. Nc3 Bb4 4. e5 Qd7 5. Nf3 b6 6. a3 Bxc3+ 7. bxc3 Ne7 8. a4 Nbc6 9. Bd3 Bb7 10. O-O h6 11. Re1 Na5 12. Ba3 Nec6 13. Nd2 O-O-O 14. Qe2 Kb8 15. Bb5 Qc8 16. Rab1 Rdg8 17. Bb4 Ka8 18. Ra1 a6 19. Bd3 Ka7 20. Ra2 Qd7 21. Rb2 Rc8 22. Reb1 f6 23. Nb3 Nxb4 24. cxb4 Nc4 25. Ra2 fxe5 26. dxe5 Rhf8 27. a5 b5 28. Nc5 Qc6 29. Rd1 g5 30. Bxc4 dxc4 31. Nxb7 Kxb7 32. c3 Rcd8 33. Rad2 Rxd2 34. Rxd2 Rf4 35. f3 Rf7 36. Rd4 Rd7 37. Qd2 Rxd4 38. Qxd4 Qe8 39. Kf2 Kb8 40. Ke3 h5 41. h3 Qe7 42. g3 Qe8 43. Qe4 Qh8 44. Qd4 Qe8 45. Qe4 Qd8 46. Qd4 Qh8 47. Qe4 Qh6 48. Ke2 Qh8 49. Ke3 Qh6 50. Ke2 Qh8 1/2-1/2

[Event "21st Sants Open 2019"]
[Site "Cotxeres de Sants"]
[Date "2019.08.23"]
[Round "1.15"]
[White "Rodriguez Regull, German"]
[Black "Terron Roca, Rafael"]
[Result "1-0"]
[ECO "B01"]
[WhiteElo "1944"]
[BlackElo "1713"]
[Annotator "NA"]
[PlyCount "85"]
[EventDate "2019.08.22"]
[EventType "swiss"]
[EventCountry "ESP"]
[SourceTitle "playchess.com"]
[Source "ChessBase"]
[SourceQuality "1"]
[TimeControl "40/5400+30:1800+30"]

1. e4 d5 2. exd5 Qxd5 3. Nc3 Qd6 4. Nf3 Nc6 5. h3 Nf6 6. Bb5 Bf5 7. d3 a6 8. Ba4 b5 9. Bb3 Na5 10. O-O Nxb3 11. axb3 g6 12. Nxb5 Qb6 13. Nbd4 Bc8 14. Re1 Bb7 15. b4 Qxb4 16. Bd2 Qd6 17. Nb3 Bg7 18. Na5 Bd5 19. Ne5 Nd7 20. Nec4 Bxc4 21. Nxc4 Qd5 22. Ra5 Qb7 23. b3 e6 24. Qc1 O-O 25. Ra2 Qd5 26. Bh6 Nb6 27. Bxg7 Kxg7 28. Qb2+ Kg8 29. Ne3 Qg5 30. Ng4 Nd7 31. Ra5 Qd2 32. Rea1 h5 33. Ne3 Rad8 34. Nf1 Qe2 35. Ng3 Qd2 36. Ne4 Qe2 37. Rxa6 Nb6 38. Nf6+ Kg7 39. Nd7+ f6 40. Nxf8 Rxf8 41. Qc3 Rf7 42. Rxb6 cxb6 43. Re1 1-0

[Event "21st Sants Open 2019"]
[Site "Cotxeres de Sants"]
[Date "2019.08.23"]
[Round "1.16"]
[White "Giammona, Federico"]
[Black "Walter Travella, German"]
[Result "1-0"]
[ECO "A53"]
[WhiteElo "1713"]
[BlackElo "1940"]
[Annotator "NA"]
[PlyCount "51"]
[EventDate "2019.08.22"]
[EventType "swiss"]
[EventCountry "ESP"]
[SourceTitle "playchess.com"]
[Source "ChessBase"]
[SourceQuality "1"]
[TimeControl "40/5400+30:1800+30"]

1. d4 Nf6 2. c4 d6 3. Nf3 c6 4. Nc3 Bf5 5. g3 Nbd7 6. Bg2 e5 7. O-O Be7 8. Re1 h6 9. e4 Bg4 10. Be3 Qa5 11. Qd2 Bxf3 12. Bxf3 exd4 13. Bxd4 Ne5 14. Be2 g5 15. b4 Qc7 16. Kh1 g4 17. Qe3 h5 18. Bxa7 h4 19. Bd4 hxg3 20. fxg3 Ra3 21. Nb5 cxb5 22. Qxa3 Nxe4 23. cxb5 Qc2 24. Rac1 Nf3 25. Bxh8 Nf2+ 26. Kg2 1-0

[Event "21st Sants Open 2019"]
[Site "Cotxeres de Sants"]
[Date "2019.08.23"]
[Round "1.17"]
[White "Morais Carreras, Javier"]
[Black "Alvaro Hermosa, Ramon"]
[Result "1-0"]
[ECO "C00"]
[WhiteElo "1939"]
[BlackElo "1711"]
[Annotator "NA"]
[PlyCount "139"]
[EventDate "2019.08.22"]
[EventType "swiss"]
[EventCountry "ESP"]
[SourceTitle "playchess.com"]
[Source "ChessBase"]
[SourceQuality "1"]
[TimeControl "40/5400+30:1800+30"]

1. e4 e6 2. d3 c5 3. Nf3 Nc6 4. g3 g6 5. Bg2 Bg7 6. O-O Nge7 7. c3 e5 8. Be3 d6 9. Qd2 h6 10. Na3 Be6 11. d4 exd4 12. cxd4 Bg4 13. d5 Bxf3 14. Bxf3 Ne5 15. Be2 Qc8 16. Bb5+ Kf8 17. Be2 Kg8 18. Nb5 Qd7 19. f4 Ng4 20. Bxg4 Qxb5 21. Rab1 f5 22. exf5 Nxf5 23. Bxf5 gxf5 24. Qc2 Qd7 25. Rfe1 Kh7 26. Bf2 Rae8 27. g4 Rhf8 28. gxf5 Rxe1+ 29. Rxe1 Qxf5 30. Qxf5+ Rxf5 31. Re7 Rxd5 32. Rxb7 Rd1+ 33. Kg2 Rd2 34. Rxa7 Rxb2 35. Kf3 Kg6 36. f5+ Kf6 37. Bh4+ Kxf5 38. Rxg7 Rxh2 39. Bf2 Rh3+ 40. Bg3 Rh1 41. Bxd6 Ra1 42. Ra7 c4 43. a3 c3 44. Rc7 Rc1 45. Rc5+ Kg6 46. Bf4 Rc2 47. Rc6+ Kf5 48. Bxh6 Ke5 49. Be3 Kd5 50. Rc5+ Kd6 51. Ke4 Ke6 52. Kd3 Ra2 53. Rxc3 Kd5 54. Bg5 Ra1 55. Kc2 Rg1 56. Be3 Rg8 57. a4 Ra8 58. Kb3 Rb8+ 59. Ka3 Ra8 60. Bb6 Kd6 61. a5 Kd7 62. Ka4 Rc8 63. Rh3 Kc6 64. Rh6+ Kb7 65. Kb5 Rg8 66. Rh7+ Kb8 67. Ka6 Ka8 68. Ra7+ Kb8 69. Bc7+ Kc8 70. Ra8+ 1-0

[Event "21st Sants Open 2019"]
[Site "Cotxeres de Sants"]
[Date "2019.08.23"]
[Round "1.18"]
[White "Lambert Pont, James"]
[Black "Gamisans Cassi, Marc"]
[Result "1/2-1/2"]
[ECO "A40"]
[WhiteElo "1399"]
[BlackElo "1647"]
[Annotator "NA"]
[PlyCount "37"]
[EventDate "2019.08.22"]
[EventType "swiss"]
[EventCountry "ESP"]
[SourceTitle "playchess.com"]
[Source "ChessBase"]
[SourceQuality "1"]
[TimeControl "40/5400+30:1800+30"]

1. d4 e6 2. Bf4 f5 3. Nf3 Nf6 4. e3 d5 5. c4 Bd6 6. Ne5 Nbd7 7. Nc3 O-O 8. Qb3 Bxe5 9. dxe5 Nc5 10. Qb5 Nfe4 11. Nxe4 Nxe4 12. f3 c6 13. Qb4 Ng5 14. Bxg5 Qxg5 15. f4 Qg4 16. cxd5 cxd5 17. Qe7 Rf7 18. Qe8+ Rf8 19. Qe7 1/2-1/2

[Event "21st Sants Open 2019"]
[Site "Cotxeres de Sants"]
[Date "2019.08.23"]
[Round "1.19"]
[White "Mercader Rubio, Luis"]
[Black "Masic, Tigran"]
[Result "0-1"]
[ECO "B34"]
[WhiteElo "1645"]
[BlackElo "1399"]
[Annotator "NA"]
[PlyCount "86"]
[EventDate "2019.08.22"]
[EventType "swiss"]
[EventCountry "ESP"]
[SourceTitle "playchess.com"]
[Source "ChessBase"]
[SourceQuality "1"]
[TimeControl "40/5400+30:1800+30"]

1. e4 c5 2. Nf3 Nc6 3. d4 cxd4 4. Nxd4 g6 5. Nc3 Bg7 6. Be3 Nf6 7. Nxc6 bxc6 8. Bd3 d5 9. exd5 cxd5 10. Bb5+ Bd7 11. O-O O-O 12. Bxd7 Qxd7 13. Bd4 e6 14. Qf3 Ne8 15. Bc5 Nd6 16. Rfd1 Rfe8 17. Qh3 Qc6 18. Bxd6 Qxd6 19. Rab1 Rab8 20. b3 Rec8 21. Ne4 Qc6 22. Ng5 h6 23. Nf3 Qxc2 24. Qg4 Qxa2 25. h4 Rxb3 26. Rxb3 Qxb3 27. Re1 d4 28. h5 g5 29. Nxg5 d3 30. Nxe6 fxe6 31. Rxe6 d2 32. Rd6 Rc1+ 33. Kh2 d1=Q 34. Rxd1 Rxd1 35. Qc8+ Bf8 36. Qg4+ Kh8 37. Qf5 Qg8 38. g3 Rd5 39. Qf3 a5 40. Kh3 a4 41. g4 a3 42. Qc3+ Qg7 43. Qb3 Rd2 0-1

[Event "21st Sants Open 2019"]
[Site "Cotxeres de Sants"]
[Date "2019.08.23"]
[Round "1.20"]
[White "Thingstad, Tormod"]
[Black "Tortosa Moros, Joan"]
[Result "0-1"]
[ECO "E20"]
[WhiteElo "1395"]
[BlackElo "1640"]
[Annotator "NA"]
[PlyCount "54"]
[EventDate "2019.08.22"]
[EventType "swiss"]
[EventCountry "ESP"]
[SourceTitle "playchess.com"]
[Source "ChessBase"]
[SourceQuality "1"]
[TimeControl "40/5400+30:1800+30"]

1. d4 Nf6 2. c4 e6 3. Nc3 Bb4 4. Bd2 b6 5. Nf3 Bb7 6. e3 O-O 7. Bd3 d5 8. O-O dxc4 9. Bxc4 Nbd7 10. Re1 c5 11. a3 Bxc3 12. Bxc3 Ne4 13. Qc2 Nxc3 14. Qxc3 Bxf3 15. gxf3 Qg5+ 16. Kh1 Qh4 17. Qc2 cxd4 18. exd4 Nf6 19. Qe2 Rad8 20. Rac1 Rxd4 21. Rg1 Rfd8 22. Bxe6 fxe6 23. Qxe6+ Kh8 24. Qf7 R4d7 25. Qe6 Qf4 26. Qe2 Re8 27. Rc8 Rxc8 0-1

[Event "21st Sants Open 2019"]
[Site "Cotxeres de Sants"]
[Date "2019.08.24"]
[Round "2.2"]
[White "Vaibhav, Suri"]
[Black "Samani, Yamac"]
[Result "1-0"]
[ECO "C72"]
[WhiteElo "2591"]
[BlackElo "2285"]
[Annotator "ChessBase"]
[PlyCount "59"]
[EventDate "2019.08.22"]
[EventType "swiss"]
[EventCountry "ESP"]
[SourceTitle "playchess.com"]
[Source "ChessBase"]
[SourceQuality "1"]
[TimeControl "40/5400+30:1800+30"]

1. e4 e5 2. Nf3 Nc6 3. Bb5 a6 4. Ba4 d6 5. O-O Bd7 6. c3 g6 7. d4 Bg7 8. Bg5 Nf6 9. Bxc6 Bxc6 10. dxe5 dxe5 11. Nxe5 Qxd1 12. Rxd1 Nxe4 13. Bf4 O-O 14. Nxc6 bxc6 15. Bxc7 Ra7 16. Bf4 Rb7 17. Nd2 Nxd2 18. Rxd2 Re8 19. Kf1 h5 20. Re1 Rxe1+ 21. Kxe1 Rb5 22. h4 Bf6 23. g3 Kg7 24. Kd1 Ra5 25. a3 Rb5 26. Be3 Be5 27. f4 Bc7 28. b4 Kf6 29. Rd7 Rd5+ 30. Bd4+ 1-0

[Event "21st Sants Open 2019"]
[Site "Cotxeres de Sants"]
[Date "2019.08.24"]
[Round "2.3"]
[White "Yordanov, Lachezar"]
[Black "Santos Latasa, Jaime"]
[Result "1-0"]
[ECO "A58"]
[WhiteElo "2281"]
[BlackElo "2586"]
[Annotator "ChessBase"]
[PlyCount "113"]
[EventDate "2019.08.22"]
[EventType "swiss"]
[EventCountry "ESP"]
[SourceTitle "playchess.com"]
[Source "ChessBase"]
[SourceQuality "1"]
[TimeControl "40/5400+30:1800+30"]

1. d4 Nf6 2. c4 c5 3. d5 b5 4. cxb5 a6 5. bxa6 g6 6. Nc3 Bg7 7. e4 O-O 8. Be2 Bxa6 9. e5 Ne8 10. Nf3 d6 11. e6 fxe6 12. dxe6 Qc8 13. O-O Nc7 14. Bxa6 Rxa6 15. Re1 Nc6 16. Nd5 Nxd5 17. Qxd5 Rb6 18. Rb1 Qa8 19. a3 Qa4 20. b3 Qa8 21. h4 Qb7 22. Be3 Rb5 23. Red1 Rf5 24. Qd3 Ra5 25. b4 cxb4 26. axb4 Rab5 27. Qc4 Rxf3 28. gxf3 Ne5 29. Qc2 Nxf3+ 30. Kf1 Nh2+ 31. Kg1 Nf3+ 32. Kf1 Nxh4 33. Rdc1 Qh1+ 34. Ke2 Qf3+ 35. Kf1 Qh3+ 36. Ke2 Qg4+ 37. Kf1 Qg2+ 38. Ke2 Nf5 39. Qc6 Ng3+ 40. Kd3 Rd5+ 41. Kc2 h5 42. Kb3 Nf5 43. Qe8+ Kh7 44. Rg1 Rd3+ 45. Ka4 Qf3 46. Qxg6+ Kh8 47. Qe8+ Kh7 48. Rbc1 Qb7 49. Qxh5+ Kg8 50. Qf7+ Kh8 51. Qxf5 Qa8+ 52. Qa5 Qe8+ 53. b5 Kh7 54. Qa6 Qf8 55. Rh1+ Kg6 56. Qc6 d5 57. Rhd1 1-0

[Event "21st Sants Open 2019"]
[Site "Cotxeres de Sants"]
[Date "2019.08.24"]
[Round "2.4"]
[White "Alinasab, Mobina"]
[Black "Idani, Pouya"]
[Result "0-1"]
[ECO "B07"]
[WhiteElo "2280"]
[BlackElo "2581"]
[Annotator "ChessBase"]
[PlyCount "86"]
[EventDate "2019.08.22"]
[EventType "swiss"]
[EventCountry "ESP"]
[SourceTitle "playchess.com"]
[Source "ChessBase"]
[SourceQuality "1"]
[TimeControl "40/5400+30:1800+30"]

1. e4 d6 2. d4 Nf6 3. Nc3 e5 4. dxe5 dxe5 5. Qxd8+ Kxd8 6. Bg5 Be6 7. O-O-O+ Kc8 8. Nf3 Nbd7 9. Bh4 h6 10. Bxf6 gxf6 11. Nh4 c6 12. Nf5 b5 13. Kb1 a5 14. h4 Nc5 15. f3 a4 16. a3 Nd7 17. Na2 Nb6 18. c3 Kc7 19. g4 Bc5 20. Nc1 Bxf5 21. exf5 Nd5 22. Bd3 Ne3 23. Rde1 Rad8 24. Rh2 Rd7 25. Rhe2 Nd5 26. Be4 Nf4 27. Rh2 Rhd8 28. Kc2 Rd6 29. h5 Ba7 30. Na2 Bb6 31. Nc1 R8d7 32. Kb1 Rd2 33. Rxd2 Rxd2 34. Bc2 Rh2 35. Nd3 Nd5 36. Nb4 Ne3 37. Be4 Nc4 38. Nd3 Be3 39. Ka1 Bb6 40. Ka2 Nd2 41. f4 exf4 42. Nxf4 Bf2 43. Rh1 Bg3 0-1